 Dungeon Crawl Stone Soup version 0.29.1-12-g30fa7ad0bf (webtiles) character file.

Game seed: 16136160066003019195

35501 mortz the Geomancer (level 14, -18/79 HPs)
             Began as a Kobold Earth Elementalist on Dec 12, 2022.
             Was a High Priest of Hepliaklqana.
             Demolished by a boulder beetle (51 damage)
             ... on level 4 of the Lair of Beasts on Dec 13, 2022.
             The game lasted 01:46:38 (18105 turns).

mortz the Geomancer (Kobold Earth Elementalist)    Turns: 18105, Time: 01:46:39

Health: -18/79     AC: 11    Str: 14    XL:     14   Next: 18%
Magic:  21/38      EV: 12    Int: 26    God:    Hepliaklqana [*****.]
Gold:   501        SH: 11    Dex: 15    Spells: 15/35 levels left

rFire   . . .      SeeInvis .   y - +7 dagger "Pahistam" {holy, +Blink rC+ Str+9 Int-2}
rCold   + . .      Faith    .   v - +2 kite shield
rNeg    . . .      Spirit   .   U - +0 troll leather armour
rPois   .          Reflect  .   V - +0 helmet
rElec   .          Harm     .   n - +2 cloak {Will+}
rCorr   .          Rampage  .   s - +0 pair of gloves
Will    ++...                   X - +1 pair of boots
Stlth   +++.......              J - amulet of magic regeneration
HPRegen 1.03/turn               e - ring "Vapp" {MP+9 Int+6}
MPRegen 0.66/turn               b - ring of flight

@: lethally poisoned (-18 -> -19), flying, studying Fire Magic
A: reduced essence, small, no large weapons, nightstalker 3
a: Renounce Religion, Evoke Blink, Recall Ancestor, Ancestor Identity,
Transference, Idealise


You were on level 4 of the Lair of Beasts.
You worshipped Hepliaklqana.
Hepliaklqana was extremely pleased with you.
You visited 3 branches of the dungeon, and saw 16 of its levels.
You also visited: Volcano.

You collected 1367 gold pieces.
You spent 866 gold pieces at shops.

Inventory:

Hand Weapons
 a - the +4 spear "Ydeaguap" {speed, Str+4 Stlth+}
   (You found it on level 6 of the Dungeon)

   Attacks with this weapon are significantly faster.
   Str:       It affects your strength (+4).
   Stlth:     It makes you more stealthy.
 y - the +7 dagger "Pahistam" (weapon) {holy, +Blink rC+ Str+9 Int-2}
   (You found it on level 2 of the Dungeon)

   It has been blessed by the Shining One to cause great damage to the undead
   and demons.
   Str:       It affects your strength (+9).
   Int:       It affects your intelligence (-2).
   rC:        It protects you from cold.
   +Blink:    It lets you blink.
 K - a +3 scimitar of freezing
 L - a +2 scimitar of flaming
 R - a +4 scimitar
Missiles
 k - 2 throwing nets
 o - 28 poisoned darts
 Y - a curare-tipped dart
Armour
 h - a +2 robe of positive energy
 n - a +2 cloak of willpower (worn)
 s - a +0 pair of gloves (worn)
 v - a +2 kite shield (worn)
 x - a +1 ring mail of fire resistance
 z - the +5 ring mail of Veuth {*Slow Str-5 Int+4 Dex+7}
   (You found it on level 5 of the Dungeon)

   Str:       It affects your strength (-5).
   Int:       It affects your intelligence (+4).
   Dex:       It affects your dexterity (+7).
   *Slow:     It may slow you when you take damage.
 A - a +2 ring mail of cold resistance
 G - the +3 robe of Peek-a-Boo {Dex+2}
   (You found it on level 4 of the Dungeon)

   Dex:       It affects your dexterity (+2).
 Q - a +2 robe of fire resistance
 U - a +0 troll leather armour (worn)
 V - a +0 helmet (worn)
 X - a +1 pair of boots (worn)
Jewellery
 b - a ring of flight (right hand)
 e - the ring "Vapp" (left hand) {MP+9 Int+6}
   (You bought it in a shop on level 7 of the Dungeon)

   [ring of intelligence]

   Int:       It affects your intelligence (+6).
   MP:        It affects your magic capacity (+9).
 J - an amulet of magic regeneration (around neck)
 M - a ring of protection from cold
 O - a +6 ring of dexterity
 T - a ring of wizardry
Wands
 u - a wand of polymorph (18)
 E - a wand of flame (66)
 I - a wand of light (24)
 P - a wand of paralysis (5)
 Z - a wand of iceblast (17)
Scrolls
 g - a scroll of summoning
 m - 5 scrolls of teleportation
 q - 5 scrolls of blinking
 r - 2 scrolls of poison
 t - 6 scrolls of vulnerability
 B - 2 scrolls of amnesia
 C - 3 scrolls of magic mapping
 D - a scroll of fear
 S - 4 scrolls of immolation
Potions
 c - 3 potions of ambrosia
 d - 7 potions of heal wounds
 i - 6 potions of curing
 j - 3 potions of mutation
 l - 5 potions of brilliance
 p - 4 potions of attraction
 w - 2 potions of berserk rage
 F - 3 potions of might
 H - 2 potions of haste
 N - 2 potions of invisibility {unknown}
 W - a potion of experience {unknown}


   Skills:
 * Level 10.4 Fighting
 - Level 2.4 Dodging
 - Level 2.6 Stealth
 + Level 3.3 Shields
 * Level 11.3 Spellcasting
 * Level 5.5 Conjurations
 + Level 6.9 Transmutations
 - Level 4.1 Fire Magic
 * Level 6.7 Ice Magic
 * Level 12.5 Earth Magic
 + Level 4.9 Invocations
 - Level 5.7 Evocations


You had 15 spell levels left.
You knew the following spells:

 Your Spells              Type           Power      Damage    Failure   Level
a - Sandblast             Erth           100%       2d20      1%          1
f - Frozen Ramparts       Ice            98%        1d15      4%          3
h - Hailstorm             Conj/Ice       46%        3d11      21%         4
p - Passwall              Tmut/Erth      50%        N/A       1%          2
s - Stone Arrow           Conj/Erth      100%       3d13      1%          3
O - Ozocubu's Armour      Ice            49%        N/A       4%          3
P - Petrify               Tmut/Erth      60%        N/A       4%          4

Your spell library contained the following spells:

 Spells                   Type           Power      Damage    Failure   Level
 Freeze                   Ice            100%       1d11      1%          1
 Sting                    Tmut/Pois      100%       1d8       6%          1
 Poisonous Vapours        Pois/Air       28%        N/A       36%         2
 Blade Hands              Tmut           25%        N/A       38%         5
 Irradiate                Conj/Tmut      23%        3d19      50%         5
 Olgreb's Toxic Radiance  Pois           14%        N/A       95%         4
 Dragon Form              Tmut           25%        N/A       100%        7
 Ozocubu's Refrigeration  Ice            24%        4d12      100%        7


Dungeon Overview and Level Annotations

Branches:
Dungeon (10/15) Zot: 25077  Temple (1/1) D:5 Zot: 5684    Lair (5/5) D:9 Zot: 24467
  Swamp (0/4) Lair:3       Spider (0/4) Lair:3        Slime (0/5) Lair:4
    Orc (0/2) D:9         Volcano (visited)

Altars:
Ashenzari
Cheibriados
Dithmenos
Elyvilon
Fedhas
Gozag
Hepliaklqana
Kikubaaqudgha
Makhleb
Nemelex Xobeh
Okawaru
Qazlal
Ru
Sif Muna
Trog
Uskayaw
Vehumet
Wu Jian
Xom
Yredelemnul
Zin
The Shining One
Jiyva

Shops:
D:7 =

Annotations:
D:3 2 runed translucent doors
D:10 1 runed translucent door
Lair:2 exclusion: upstairs


Innate Abilities, Weirdness & Mutations

Your life essence is reduced to manifest your ancestor. (-10% HP)
You are small and have problems with some larger weapons.
You are completely attuned to the shadows.


Message History

The boulder beetle is lightly wounded.
You feel very sick.
The boulder beetle curls into a ball and begins rolling!
Aiming: Stone Arrow (safe; 1% risk of failure)
Press: ? - help, Q - select action, (/) - cycle Shift-Dir - straight line, f/p - boulder beetle
Aim: a boulder beetle (lightly wounded, rolling, 100% to hit)
The stone arrow hits the boulder beetle.
The boulder beetle is lightly wounded.
You feel sick.
Aiming: Stone Arrow (safe; 1% risk of failure)
Press: ? - help, Q - select action, (/) - cycle Shift-Dir - straight line, f/p - boulder beetle
Aim: a boulder beetle (lightly wounded, rolling, 100% to hit)
The stone arrow hits the boulder beetle!
The boulder beetle is moderately wounded.
You feel sick.
The boulder beetle stops rolling and uncurls.
Okay, then.
Okay, then.
Aiming: Stone Arrow (safe; 1% risk of failure)
Press: ? - help, Q - select action, (/) - cycle Shift-Dir - straight line, f/p - boulder beetle
Aim: a boulder beetle (moderately wounded, 100% to hit)
The stone arrow hits the boulder beetle!!
The boulder beetle is heavily wounded.
You feel sick.
The boulder beetle leaps!
Magic courses through your body.
You feel sick.
Aiming: Stone Arrow (safe; 1% risk of failure)
Press: ? - help, Q - select action, (/) - cycle Shift-Dir - straight line, f/p - boulder beetle
Aim: a boulder beetle (heavily wounded, 100% to hit)
The stone arrow hits the boulder beetle!!
The boulder beetle is severely wounded.
You feel sick.
The boulder beetle curls into a ball and begins rolling!
Aiming: Stone Arrow (safe; 1% risk of failure)
Press: ? - help, Q - select action, (/) - cycle Shift-Dir - straight line, f/p - boulder beetle
Aim: a boulder beetle (severely wounded, rolling, 100% to hit)
The stone arrow hits the boulder beetle!
The boulder beetle is severely wounded.
You feel sick. The boulder beetle hits you!!!
Ouch! That really hurt!
You die...

.####...#####.##.............#
# #.......#
#####...P........####
.......## ###....#.#..###..
#####.## #..P.###...##..# #
##.# ##### ##.####...#...## #
### #...#####...##.....#..##
### ##......##.####..####...#
..## #...........# #.## #....
.#.# ##.##...@..## #..## ##...
.R### #P.P##..B..# ##...# ##.#
##.P# ##.###..○..###...####
### P.P.#
#......P.#....#...#.# #...#
#......####...#....## ...##
###....## ##......## ...#
###...# ##.....P# ..##
#...###.......# ...#
###.......###..###


You could see a boulder beetle (rolling).

Vanquished Creatures
  A red draconian (Volcano)
  An ogre mage (Volcano)
  4 hydras
  Erolcha (D:10)
  A catoblepas (Lair:4)
  6 two-headed ogres
  Pikel (D:7)
  A lindwurm (Lair:1)
  An oklob plant (Lair:4)
  An elephant (Lair:1)
  4 black mambas
  3 cane toads
  Maggie (D:10)
  Psyche (D:8)
  A troll (D:10)
  4 blink frogs
  A jumping spider (Lair:3)
  Sigmund (D:3)
  2 culicivoras (Lair:3)
  A wyvern (Lair:3)
  4 basilisks
  20 yaks
  5 steam dragons
  Menkaure (D:4)
  8 vampire mosquitoes (Lair:3)
  10 water moccasins
  An orc warrior (D:8)
  2 black bears
  3 ice beasts
  7 ogres
  5 wolves
  4 centaurs
  A lemure (D:7)
  A phantom (D:5)
  A kobold brigand (D:8)
  8 bullfrogs
  A necrophage (D:5)
  3 scorpions
  7 wights
  2 howler monkeys
  5 electric eels
  A lava snake (D:9)
  3 hounds
  2 jellies
  Crazy Yiuf (D:2)
  3 orc priests
  6 iguanas
  12 orc wizards
  3 adders
  5 gnolls
  3 shadow imps
  2 white imps (D:8)
  An ufetubus (D:5)
  2 worms (D:2)
  2 dart slugs (D:1)
  30 orcs
  A bat zombie (D:3)
  7 endoplasms
  2 giant cockroaches
  4 goblins
  7 hobgoblins
  6 jackals (D:1)
  5 quokkas
  5 ball pythons
  7 bats
  9 kobolds
  3 rats
  A rat zombie (D:3)
  A spectral orc (D:4)
270 creatures vanquished.

Vanquished Creatures (collateral kills)
  4 two-headed ogres
  Erica (D:8)
  Lodul (D:10)
  A cyclops (D:9)
  2 black mambas
  A cane toad (D:9)
  A torpor snail (Lair:4)
  2 rime drakes (Lair:1)
  A komodo dragon (Lair:4)
  A troll (D:10)
  A polar bear (Lair:4)
  2 blink frogs (Lair:4)
  2 wyverns
  A basilisk (Lair:2)
  13 yaks
  5 water moccasins
  A black bear (Lair:2)
  2 orc warriors
  An ice beast (D:6)
  3 ogres (D:10)
  4 wights
  A lava snake (D:9)
  3 orc priests (D:10)
  2 orc wizards
  2 orcs
  2 kobolds (D:8)
  A bush (Lair:4)
61 creatures vanquished.

Vanquished Creatures (others)
  6 knights
  An ancestor (D:7)
  15 fungi
  18 plants
  10 toadstools (Lair:1)
50 creatures vanquished.

Grand Total: 381 creatures vanquished

Notes
Turn   | Place    | Note
-------+----------+-------------------------------------------
     0 | D:1      | mortz the Kobold Earth Elementalist began the quest for the
                  | Orb.
     0 | D:1      | Reached XP level 1. HP: 10/10 MP: 3/3
   167 | D:1      | Reached XP level 2. HP: 15/15 MP: 0/5
   426 | D:1      | Reached XP level 3. HP: 19/19 MP: 5/7
   635 | D:1      | Reached skill level 4 in Earth Magic
  1060 | D:2      | Identified the +7 dagger "Pahistam" {holy, +Blink rC+ Str+9
                  | Int-2}
  1148 | D:2      | Reached XP level 4. HP: 24/24 MP: 4/8
  1797 | D:2      | Found a runed translucent door.
  1800 | D:2      | Noticed Crazy Yiuf
  1810 | D:2      | Killed Crazy Yiuf
  1811 | D:2      | Reached skill level 1 in Evocations
  2289 | D:3      | Found a large runed translucent door.
  2290 | D:3      | Found a large runed translucent door.
  2312 | D:3      | Reached XP level 5. HP: 28/28 MP: 7/9
  2403 | D:3      | Noticed Sigmund
  2409 | D:3      | Killed Sigmund
  2410 | D:3      | Reached skill level 5 in Earth Magic
  2410 | D:3      | Reached XP level 6. HP: 29/32 MP: 4/11
  2668 | D:3      | Found a bloodstained altar of Trog.
  2937 | D:3      | Learned a level 2 spell: Passwall
  3069 | D:3      | Found an ancient bone altar of Kikubaaqudgha.
  3292 | D:4      | Noticed Menkaure
  3299 | D:4      | Killed Menkaure
  3300 | D:4      | Reached XP level 7. HP: 9/36 MP: 10/13
  3604 | D:4      | You fall into a shaft and drop 2 floors!
  3696 | D:6      | Identified the +4 spear "Ydeaguap" {speed, Str+4 Stlth+}
  3710 | D:6      | Noticed a steam dragon
  3791 | D:6      | Reached skill level 1 in Conjurations
  3838 | D:5      | Entered Level 5 of the Dungeon
  3903 | D:5      | Identified the +5 ring mail of Veuth {*Slow Str-5 Int+4
                  | Dex+7}
  3944 | D:4      | Found a basalt altar of Yredelemnul.
  4013 | D:4      | Reached skill level 6 in Earth Magic
  4113 | D:4      | Identified the +3 robe of Peek-a-Boo {Dex+2}
  4396 | D:4      | Found a glowing silver altar of Zin.
  4401 | D:4      | Learned a level 3 spell: Stone Arrow
  4700 | D:5      | Reached XP level 8. HP: 41/41 MP: 11/14
  4802 | D:5      | Found a staircase to the Ecumenical Temple.
  4808 | Temple   | Entered the Ecumenical Temple
  5086 | Temple   | Became a worshipper of Hepliaklqana the Forgotten
  5458 | D:5      | Reached skill level 7 in Earth Magic
  5586 | D:6      | Found a broken altar of Ashenzari.
  5748 | D:6      | Reached skill level 5 in Spellcasting
  5782 | D:6      | Found an ornate altar of the Wu Jian Council.
  5874 | D:6      | Reached skill level 5 in Evocations
  6357 | D:6      | Reached XP level 9. HP: 16/45 MP: 15/17
  6640 | D:6      | Reached * piety under Hepliaklqana
  6700 | D:6      | Reached skill level 8 in Earth Magic
  7164 | D:7      | Reached skill level 1 in Fighting
  7193 | D:7      | Learned a level 4 spell: Petrify
  7197 | D:7      | Learned a level 3 spell: Frozen Ramparts
  7309 | D:7      | Noticed a two-headed ogre
  7312 | D:7      | HP: 2/43 [two-headed ogre/+0 giant club (22)]
  7316 | D:7      | Killed a two-headed ogre
  7317 | D:7      | Reached skill level 1 in Ice Magic
  7317 | D:7      | Reached XP level 10. HP: 18/50 MP: 19/19
  7685 | D:7      | Noticed Pikel
  7690 | D:7      | Killed Pikel
  7691 | D:7      | Reached skill level 9 in Earth Magic
  7888 | D:7      | Found Hinirext's Jewellery Shoppe.
  8273 | D:8      | Noticed Erica
  8333 | D:8      | Noticed Psyche
  8339 | D:8      | Killed Psyche
  8688 | D:8      | Reached skill level 5 in Fighting
  8765 | D:8      | Reached ** piety under Hepliaklqana
  8766 | D:8      | Remembered your ancestor glurtz as a knight
  8984 | D:8      | Killed Erica
  9415 | D:9      | Noticed a cyclops
  9418 | D:9      | Killed a cyclops
  9419 | D:9      | Reached XP level 11. HP: 57/57 MP: 21/23
  9421 | D:9      | Reached skill level 10 in Earth Magic
  9582 | D:9      | Found a staircase to the Orcish Mines.
  9834 | D:9      | Found a staircase to the Lair.
  9850 | D:9      | Learned a level 3 spell: Ozocubu's Armour
 10037 | D:9      | Noticed a two-headed ogre
 10041 | D:9      | Killed a two-headed ogre
 10216 | D:10     | Entered Level 10 of the Dungeon
 10267 | D:10     | Noticed a two-headed ogre
 10272 | D:10     | Killed a two-headed ogre
 10471 | D:10     | Reached skill level 5 in Transmutations
 10738 | D:10     | Reached *** piety under Hepliaklqana
 10806 | D:10     | Found a blossoming altar of Fedhas.
 11025 | D:10     | Noticed a two-headed ogre
 11030 | D:10     | Killed a two-headed ogre
 11031 | D:10     | Reached skill level 11 in Earth Magic
 11031 | D:10     | Reached XP level 12. HP: 65/65 MP: 25/25
 11070 | D:10     | Reached skill level 1 in Fire Magic
 11078 | D:10     | Noticed Lodul
 11288 | D:10     | Noticed Erolcha
 11291 | D:10     | Killed Erolcha
 11292 | D:10     | Reached skill level 1 in Invocations
 11374 | D:10     | Noticed Maggie
 11380 | D:10     | Killed Maggie
 11392 | D:10     | Found a runed translucent door.
 11474 | D:10     | Found a sacrificial altar of Ru.
 11724 | D:10     | Killed Lodul
 11845 | D:7      | Bought the ring "Vapp" {MP+9 Int+6} for 866 gold pieces
 11959 | D:10     | Reached skill level 5 in Ice Magic
 12041 | Lair:1   | Entered Level 1 of the Lair of Beasts
 12053 | D:9      | Reached skill level 1 in Shields
 12519 | Lair:1   | Noticed a five-headed hydra
 12522 | Lair:1   | Killed a five-headed hydra
 12850 | Lair:1   | Reached **** piety under Hepliaklqana
 12850 | Lair:1   | Found a runed translucent door.
 12852 | Lair:1   | Noticed a dire elephant
 13284 | Lair:1   | Reached skill level 10 in Spellcasting
 13694 | Lair:2   | Noticed an eight-headed hydra
 13697 | Lair:2   | Killed an eight-headed hydra
 13723 | Lair:2   | Reached XP level 13. HP: 63/72 MP: 27/27
 14093 | Lair:2   | Learned a level 4 spell: Hailstorm
 15259 | Lair:3   | Noticed a six-headed hydra
 15262 | Lair:3   | Killed a six-headed hydra
 15321 | Lair:3   | Found a dark tunnel.
 15336 | Volcano  | Entered a volcano
 15361 | Volcano  | Noticed an ogre mage
 15367 | Volcano  | Killed an ogre mage
 15368 | Volcano  | Reached skill level 12 in Earth Magic
 15382 | Volcano  | Found a radiant altar of Vehumet.
 15385 | Volcano  | Noticed a red draconian
 15785 | Volcano  | Killed a red draconian
 16018 | Lair:3   | Found a staircase to the Swamp.
 16071 | Lair:3   | Reached skill level 10 in Fighting
 16472 | Lair:3   | Found a hole to the Spider Nest.
 16664 | Lair:4   | Reached ***** piety under Hepliaklqana
 16831 | Lair:4   | Reached skill level 5 in Conjurations
 17116 | Lair:4   | Found a viscous altar of Jiyva.
 17117 | Lair:4   | Found a staircase to the Slime Pits.
 17149 | Lair:4   | Noticed a catoblepas
 17166 | Lair:4   | Killed a catoblepas
 17167 | Lair:4   | Reached XP level 14. HP: 67/79 MP: 29/29
 18042 | Lair:5   | Entered Level 5 of the Lair of Beasts
 18105 | Lair:4   | Demolished by a boulder beetle

Illustrated notes

Levels and vault maps discovered:
D:1:      lightli_arrival_maybe_door_vault, layout_rooms
D:2:      layout_loops_cross, uniq_crazy_yiuf_cottage
D:3:      layout_rooms, trog_book, lemuel_zombie_altar_kikubaaqudgha,
          ebering_ghost_disaster_area, corexii_hall_statues_t,
          roderic_three_in_a_row, uniq_sigmund
D:4:      layout_basic, zin_academy, yredelemnul_forgotten_temple_becter,
          uniq_menkaure
D:5:      layout_rooms, temple_hall
D:6:      cheibrodos_steamvent, layout_basic, kennysheep_mini_moat,
          nicolae_overflow_crystal_walls
D:7:      layout_basic, minmay_shop_enchanted_jewellery, minmay_manual_mail,
          uniq_pikel
D:8:      layout_loops_ring, minmay_checkerbox, uniq_psyche, uniq_erica
D:9:      layout_roguey, dpeg_oklobed_lair, orc_0_dummy, dk_noncrumbling_2,
          grunt_decor_junction
D:10:     layout_long_grid, mainiacjoe_overflow_paths, nicolae_ru_path_of_blood,
          ebering_ghost_reflecting_pool, st_stairs_12, grunt_ministairs_4,
          nicolae_concentric_dashed_squares_mild, uniq_maggie, uniq_lodul,
          uniq_erolcha
Temple:   nicolae_temple_bog_church
Lair:1:   gammafunk_lair_enchanted_lake, layout_cave_pods
Lair:2:   layout_hall_layers, grunt_megastairs_5
Lair:3:   layout_cave_shapes, minmay_swamp_entry_swarm,
          spider_nest_entry_funnel_web, nicolae_volcano_entry_s_turn,
          lemuel_fruit_fields
Lair:4:   layout_layer_cave, minmay_slime_entry_oklob_open, serial_bayou_shore_a
Lair:5:   evil_forest, layout_hall_layers, nzn_ghost_randoct,
          chequers_serial_rivers_marsh

Skill      XL: |  1  2  3  4  5  6  7  8  9 10 11 12 13 |
---------------+----------------------------------------+-----
Earth Magic    | 4 5 6 7 8 9 11 12 | 12.5
Spellcasting   | 3 4 5 6 8 9 10 11 | 11.3
Evocations     | 1 2 3 5 |  5.7
Conjurations   | 1 3 4 5 |  5.5
Transmutations | 2 4 5 6 |  6.9
Fighting       | 3 5 7 8 10 | 10.4
Ice Magic      | 1 3 4 5 6 |  6.7
Fire Magic     | 3 4 |  4.1
Invocations    | 3 4 |  4.9
Shields        | 2 3 |  3.3
Dodging        | |  2.4
Stealth        | |  2.6

Action                   |  1- 3 |  4- 6 |  7- 9 | 10-12 | 13-15 || total
-------------------------+-------+-------+-------+-------+-------++-------
Melee: Short sword       |     1 |       |       |       |       ||     1
       Dagger            |       |     5 |       |       |    15 ||    20
       Spear             |       |       |     7 |     2 |       ||     9
 Cast: Sandblast         |    39 |    51 |   120 |   248 |   162 ||   620
       Stone Arrow       |       |       |       |       |    44 ||    44
       Petrify           |       |       |       |       |     1 ||     1
Invok: Recall Ancestor   |       |       |     1 |     1 |       ||     2
       Ancestor Identity |       |       |     1 |       |       ||     1
       Ancestor Life: Kn |       |       |       |     1 |       ||     1
Evoke: Wand              |       |       |       |     1 |       ||     1
  Use: Scroll            |       |     6 |     7 |     7 |     7 ||    27
       Potion            |       |       |     1 |     1 |     1 ||     3
 Stab: Sleeping          |       |       |       |     1 |       ||     1
Armor: Robe              |       |     2 |     6 |    14 |    17 ||    39
       Troll leather arm |       |       |       |       |     3 ||     3
Dodge: Dodged            |     3 |    21 |    25 |    35 |    27 ||   111
Block: Kite shield       |       |       |       |    13 |    40 ||    53
